 Dungeon Crawl Stone Soup version 0.21.1 (webtiles) character file.

194 pstr the Digger (level 5, 0/37 HPs)
             Began as a Naga Earth Elementalist on Feb 4, 2018.
             Was a Follower of Elyvilon.
             Slain by a sky beast (6 damage)
             ... on level 4 of the Dungeon.
             The game lasted 00:10:27 (3968 turns).

pstr the Digger (Naga Earth Elementalist)           Turns: 3968, Time: 00:10:28

Health: 0/37       AC:  2    Str: 11    XL:     5   Next: 73%
Magic:  0/10       EV: 10    Int: 16    God:    Elyvilon [*.....]
Gold:   175        SH:  0    Dex: 11    Spells: 7/11 levels left

rFire    . . .     SeeInvis +   a - +0 dagger (speed)
rCold    . . .     Gourm    .   (no shield)
rNeg     . . .     Faith    .   c - +0 robe
rPois    +         Spirit   .   (helmet restricted)
rElec    .         Reflect  .   (no cloak)
rCorr    .         Harm     .   (no gloves)
MR       .....                  (no barding)
Stlth    ++........             (no amulet)
HPRegen  0.12/turn              (no ring)
MPRegen  0.12/turn              (no ring)

@: short of breath, very slightly contaminated, very slow
A: large, claws 1, horns 1, see invisible, deformed body, frail 1, poison
resistance, slowness 2, slow metabolism 1, spit poison 1, AC +1
a: Spit Poison, Lesser Healing, Divine Protection, Renounce Religion


You were on level 4 of the Dungeon.
You worshipped Elyvilon.
Elyvilon was aware of your devotion.
You were hungry.

You visited 1 branch of the dungeon, and saw 4 of its levels.

You collected 175 gold pieces.

Inventory:

Hand Weapons
 a - a +0 dagger of speed (weapon)
Missiles
 b - 98 stones (quivered)
 l - 64 arrows
Armour
 c - a +0 robe (worn)
 j - a +0 leather armour
 n - a +0 pair of gloves
Scrolls
 g - 3 scrolls of identify
 h - a scroll of remove curse {unknown}
 i - 2 scrolls of immolation {unknown}
 k - a scroll of teleportation
 m - 2 scrolls of magic mapping
 o - a scroll of fog
Potions
 f - a potion of heal wounds
Books
 e - a book of Geomancy

   Spells                             Type                      Level
   a - Sandblast                      Earth                        1
   b - Passwall                       Transmutation/Earth          2
   c - Stone Arrow                    Conjuration/Earth            3
   d - Petrify                        Transmutation/Earth          4
   e - Lee's Rapid Deconstruction     Earth                        5
Comestibles
 d - 7 rations
 p - 4 chunks of flesh


   Skills:
 + Level 0.1 Fighting
 + Level 0.2 Short Blades
 + Level 1.9 Dodging
 + Level 3.1 Stealth
 + Level 3.8 Spellcasting
 + Level 0.2 Conjurations
   Level 1.0 Transmutations
 + Level 4.6 Earth Magic


You had 7 spell levels left.
You knew the following spells:

 Your Spells              Type           Power        Failure   Level  Hunger
a - Sandblast             Erth           ###...       2%          1    None
b - Stone Arrow           Conj/Erth      ##....       19%         3    ###....


Dungeon Overview and Level Annotations

Branches:
Dungeon (4/15)
 Temple: D:4-7

Altars:
Elyvilon
Hepliaklqana
Makhleb
Sif Muna
The Shining One

Annotations:
D:2 Robin


Innate Abilities, Weirdness & Mutations

You cannot wear boots.
Your serpentine skin is tough. (AC +1)
You have supernaturally acute eyesight. (SInv)
Armour fits poorly on your strangely shaped body.
Your system is resistant to poisons. (rPois)
You cover ground very slowly.
You have a slow metabolism.
You can spit poison.
You have sharp fingernails.
You have a pair of small horns on your head.
You are frail. (-10% HP)


Message History

b - 98 stones The sky beast misses you.
Press: ? - help, Shift-Dir - straight line, f/p - sky beast
Aim: a sky beast (moderately wounded, slightly transparent)
The splash of poison hits the sky beast.
The sky beast is heavily wounded.
You feel slightly more hungry.
The sky beast hits you but does no damage.
You hit the sky beast but do no damage.
The sky beast is heavily wounded.
You barely miss the sky beast.
The sky beast is heavily wounded.
The sky beast hits you. The sky beast shocks you.
* * * LOW HITPOINT WARNING * * *
You hit the sky beast.
The sky beast is severely wounded.
The sky beast hits you.
* * * LOW HITPOINT WARNING * * *
The sky beast shocks you.
You die...

###....#######..#
...........# #..#
.###....##.# #..#
#....##.####[.#
.............#..#
.##....##.##.#..# #
##.#.##.##.#..#
###.#.##.##.#[.#####
#...Y@.............#
#.............####.#
#.....#####.######.###
#..###. .............
.... # .##.######.###
#... # #.# #.# # #..
#.# #.### ##. .# #.##.
#.###


You could see a sky beast.

Vanquished Creatures
  An orc wizard (D:4)
  7 adders
  An ooze (D:1)
  2 dart slugs
  4 leopard geckos
  7 orcs (D:4)
  3 bats
  4 giant cockroaches
  14 goblins
  13 hobgoblins
  6 jackals (D:3)
  A ball python (D:3)
  7 frilled lizards
  2 kobolds
  11 rats
83 creatures vanquished.

Notes
Turn   | Place    | Note
-------+----------+-------------------------------------------
     0 | D:1      | pstr the Naga Earth Elementalist began the quest for the Orb.
     0 | D:1      | Reached XP level 1. HP: 15/15 MP: 3/3
   123 | D:1      | Reached XP level 2. HP: 22/22 MP: 1/5
   810 | D:1      | Reached XP level 3. HP: 28/28 MP: 3/6
  1086 | D:2      | Found a glowing golden altar of the Shining One.
  1426 | D:2      | Reached skill level 4 in Earth Magic
  1543 | D:2      | Found a hazy altar of Hepliaklqana.
  1590 | D:2      | Reached XP level 4. HP: 25/36 MP: 3/8
  1618 | D:2      | Noticed Robin
  1627 | D:2      | Gained mutation: You are frail. (-10% HP) [potion of mutation]
  1627 | D:2      | Gained mutation: You have a pair of small horns on your head. [potion of mutation]
  1627 | D:2      | Gained mutation: You have sharp fingernails. [potion of mutation]
  1644 | D:2      | Found a white marble altar of Elyvilon.
  1649 | D:2      | Became a worshipper of Elyvilon the Healer
  2708 | D:3      | Found a burning altar of Makhleb.
  2801 | D:3      | Learned a level 3 spell: Stone Arrow
  2883 | D:3      | Reached XP level 5. HP: 36/37 MP: 2/9
  3088 | D:3      | Reached * piety under Elyvilon
  3845 | D:4      | Found a deep blue altar of Sif Muna.
  3957 | D:4      | Noticed a sky beast
  3968 | D:4      | Slain by a sky beast

Skill      XL: |  1  2  3  4 |
---------------+-------------+-----
Earth Magic    | 4 |  4.6
Spellcasting   | 3 |  3.8
Fighting       | |  0.1
Short Blades   | |  0.2
Dodging        | |  1.9
Stealth        | |  3.1
Conjurations   | |  0.2
Transmutations | |  1.0

Action                   |  1- 3 |  4- 6 || total
-------------------------+-------+-------++-------
Melee: Dagger            |       |    26 ||    26
       Headbutt          |       |     3 ||     3
       Unarmed           |       |     2 ||     2
 Cast: Sandblast         |    44 |    63 ||   107
       Stone Arrow       |       |    16 ||    16
 Abil: Spit Poison       |     4 |    20 ||    24
  Use: Scroll            |       |     6 ||     6
       Potion            |       |     2 ||     2
  Eat: Chunk             |     2 |     8 ||    10
Armor: Robe              |       |    21 ||    21
Dodge: Dodged            |    17 |    39 ||    56
